 Dungeon Crawl Stone Soup version 0.25-a0-890-g62861fb (webtiles) character file.

Game seed: 9497309556731641782, levelgen mode: deterministic

389 BlueFish the Insei (level 6, 0/40 HPs)
             Began as an Octopode Transmuter on May 5, 2020.
             Slain by a phantom (8 damage)
             ... on level 4 of the Dungeon.
             The game lasted 00:10:28 (3682 turns).

BlueFish the Insei (Octopode Transmuter)            Turns: 3682, Time: 00:10:29

Health: 0/40       AC:  1    Str: 12    XL:     6   Next: 79%
Magic:  1/10       EV: 13    Int: 15    God:
Gold:   198        SH:  3    Dex: 12    Spells: 4/10 levels left

rFire    . . .     SeeInvis .     - Unarmed
rCold    . . .     Gourm    .   (no shield)
rNeg     . . .     Faith    .   (helmet restricted)
rPois    .         Spirit   .   j - +3 amulet of reflection
rElec    .         Reflect  +   m - ring of resist corrosion
rCorr    +         Harm     .   (no ring)
MR       .....                  (no ring)
Stlth    +++.......             (no ring)
HPRegen  0.13/turn              (no ring)
MPRegen  0.12/turn              (no ring)
                                (no ring)
                                (no ring)

@: very slightly contaminated, heavily drained
A: almost no armour, stealthy swim, amphibious, 8 rings, constrict 8, camouflage
1, gelatinous body 1
a: no special abilities


You were on level 4 of the Dungeon.
You were hungry.

You visited 1 branch of the dungeon, and saw 4 of its levels.

You collected 198 gold pieces.

Inventory:

Hand Weapons
 b - a +0 hand axe of freezing
Missiles
 a - 48 arrows
 f - 47 stones (quivered)
Jewellery
 j - a +3 amulet of reflection (around mantle)
 m - a ring of resist corrosion (left tentacle)
Wands
 n - a wand of polymorph (7)
Scrolls
 d - a scroll of magic mapping
 g - a scroll of blinking
 h - 3 scrolls of teleportation
 i - 2 scrolls of remove curse
 k - a scroll of fear {unknown}
Potions
 e - a potion of mutation {unknown}
 l - a potion of invisibility {unknown}
Comestibles
 c - 6 rations
 o - a chunk of flesh


   Skills:
 * Level 2.3(0.8) Fighting
 * Level 3.0(1.4) Dodging
 * Level 3.9(2.2) Stealth
 * Level 4.5(2.8) Unarmed Combat
 + Level 2.6(1.1) Spellcasting
 * Level 3.1(1.5) Transmutations
 * Level 1.8(0.3) Poison Magic


You had 4 spell levels left.
You knew the following spells:

 Your Spells              Type           Power        Failure   Level  Hunger
a - Beastly Appendage     Tmut           #.....       13%         1    ##.....
b - Sticks to Snakes      Tmut           #.......     21%         2    ###....
c - Spider Form           Tmut/Pois      #.........   45%         3    ####...

Your spell library contained the following spells:

 Spells                   Type           Power        Failure   Level  Hunger
 Ice Form                 Ice/Tmut       #.......     87%         4    #####..
 Blade Hands              Tmut           #.........   98%         5    ######.


Dungeon Overview and Level Annotations

Branches:
Dungeon (4/15)
 Temple: D:4-7

Altars:
Ashenzari
Elyvilon
Fedhas
Hepliaklqana
Makhleb
Trog

Shops:
D:4 ?

Annotations:
D:4 exclusion: oklob plant


Innate Abilities, Weirdness & Mutations

You cannot wear most types of armour.
You are very stealthy in the water. (Stealth+)
You are amphibious.
You can wear up to eight rings at the same time.
You can use your tentacles to constrict eight enemies at once.
Your skin changes colour to match your surroundings (Stealth+).
Your rubbery body absorbs attacks. (AC +1, EV +1)


Message History

You miscast Sticks to Snakes.
Nothing appears to happen.
You tentacle-slap the phantom but do no damage.
The phantom is lightly damaged.
Your adder closely misses the phantom.
The phantom hits you.
* * * LOW HITPOINT WARNING * * *
You tentacle-slap the phantom but do no damage.
Your tentacle spike misses the phantom.
The phantom is lightly damaged.
Your tentacle spike disappears.
Your adder bites the phantom.
The phantom closely misses you.
Your adder barely misses the phantom.
You tentacle-slap the phantom but do no damage.
The phantom is lightly damaged.
The phantom completely misses you.
Your adder closely misses the phantom.
Your ball python barely misses the phantom.
You barely miss the phantom. You squeeze the phantom.
The phantom is moderately damaged.
A hound comes into view.
The phantom hits you!
You die...

###....###.#
#............#
#.####...##### #.#
#...# #.# #...# #
#.# ##...# #.#.#
#....! #.#S###.####
#)W@......#
###S###.#.##########
#.......#...........
#.#.################
...#.# ### #(# #.#
#h# #.#


You could see a phantom, a hound, a friendly adder and a friendly ball python.

Vanquished Creatures
  2 scorpions (D:4)
  A jelly (D:3)
  2 orc priests (D:4)
  An iguana (D:4)
  2 worker ants (D:4)
  5 adders
  3 oozes
  An adder skeleton (D:4)
  2 worms (D:2)
  A dart slug (D:3)
  2 leopard geckos
  8 orcs
  A giant cockroach (D:2)
  5 goblins
  9 hobgoblins
  3 quokkas
  A ball python (D:4)
  2 bats
  3 frilled lizards
  6 kobolds
  5 rats
65 creatures vanquished.

Notes
Turn   | Place    | Note
-------+----------+-------------------------------------------
     0 | D:1      | BlueFish the Octopode Transmuter began the quest for the
                  | Orb.
     0 | D:1      | Reached XP level 1. HP: 13/13 MP: 3/3
   247 | D:1      | Reached skill level 1 in Stealth
   247 | D:1      | Reached XP level 2. HP: 18/18 MP: 3/5
   254 | D:1      | Learned a level 2 spell: Sticks to Snakes
   651 | D:2      | Found a burning altar of Makhleb.
   696 | D:2      | Reached XP level 3. HP: 17/23 MP: 3/6
   713 | D:2      | Learned a level 3 spell: Spider Form
   976 | D:2      | Found a shattered altar of Ashenzari.
  1644 | D:3      | Reached XP level 4. HP: 23/28 MP: 5/7
  1945 | D:3      | Reached XP level 5. HP: 34/34 MP: 6/8
  2169 | D:3      | Found a white marble altar of Elyvilon.
  2291 | D:4      | Found Nym Qodu's Magic Scroll Boutique.
  2318 | D:4      | Found a hazy altar of Hepliaklqana.
  2418 | D:4      | Reached skill level 4 in Unarmed Combat
  2418 | D:4      | Reached skill level 1 in Poison Magic
  2624 | D:4      | Found a bloodstained altar of Trog.
  2641 | D:4      | Reached XP level 6. HP: 15/39 MP: 9/9
  3112 | D:4      | HP: 3/60 [poisoned by a scorpion]
  3399 | D:4      | Got a faintly glowing iron amulet
  3401 | D:4      | Identified the amulet of Gin and Tonic {Harm *Drain Int+2}
                  | (You found it on level 4 of the Dungeon)
  3522 | D:4      | Found a blossoming altar of Fedhas.
  3533 | D:4      | Noticed an oklob plant
  3655 | D:4      | Noticed a phantom
  3682 | D:4      | Slain by a phantom

Levels and vault maps discovered:
D:1:      dpeg_arrival_solitude, layout_basic
D:2:      layout_basic, old_standard_altar, ashenzari_altar_1
D:3:      layout_rooms, marbit_many_paths, first_ration
D:4:      layout_basic, nicolae_overflow_hidden_temple, bloody_trog,
          serial_shops, shop_scrolls, minmay_stone_trees_small, tgw_fedhas

Skill      XL: |  1  2  3  4  5  6 |
---------------+-------------------+-----
Stealth        | 1 2 3 |  3.9
Fighting       | 2 |  2.3
Unarmed Combat | 4 |  4.5
Poison Magic   | 1 |  1.8
Dodging        | 3 |  3.0
Transmutations | 3 |  3.1
Spellcasting   | |  2.6

Action                   |  1- 3 |  4- 6 || total
-------------------------+-------+-------++-------
Melee: Unarmed           |    73 |    91 ||   164
       Constrict         |    21 |    16 ||    37
       Kick              |    18 |    22 ||    40
       Tentacles         |    10 |    17 ||    27
       Punch             |       |     2 ||     2
 Cast: Beastly Appendage |    22 |    23 ||    45
       Sticks to Snakes  |       |     3 ||     3
  Use: Scroll            |     8 |     3 ||    11
       Potion            |     1 |     2 ||     3
 Stab: Sleeping          |     4 |     5 ||     9
       Distracted        |     1 |       ||     1
  Eat: Chunk             |     2 |     7 ||     9
Armor: Skin              |     2 |     1 ||     3
Dodge: Dodged            |    25 |    32 ||    57
Block: Other             |     2 |     8 ||    10

Table legend:
 A = Non-vault XP
 B = Vault XP
 C = Vault XP percentage of total XP
 D = Non-vault monster count
 E = Vault monster count
 F = Vault count percentage of total count
                 A         B        C        D         E       F
            +---------+---------+-------+---------+---------+-------
      Total |     555 |       2 |   0.4 |      64 |       1 |   1.5
            +---------+---------+-------+---------+---------+-------
        D:1 |      20 |       0 |   0.0 |      10 |       0 |   0.0
        D:2 |      46 |       0 |   0.0 |      21 |       0 |   0.0
        D:3 |     120 |       2 |   1.6 |      14 |       1 |   6.7
        D:4 |     369 |       0 |   0.0 |      19 |       0 |   0.0
            +---------+---------+-------+---------+---------+-------
